 Seeded DCSS version 0.31-a0-196-g86fe4a5e66 (webtiles) character file.

Game seed: 10817513615220329313 (custom seed)

144 innerfire43 the Ducker (level 5, -2/42 HPs)
             Began as a Demonspawn Monk on June 24, 2023.
             Slain by an orc
             ... wielding a +0 mace
              (4 damage)
             ... on level 4 of the Dungeon.
             The game lasted 00:04:26 (2404 turns).

innerfire43 the Ducker (Demonspawn Monk)            Turns: 2404, Time: 00:04:27

Health: -2/42      AC:  4    Str: 14    XL:     5   Next: 5%
Magic:  5/5        EV: 13    Int: 11    God:
Gold:   60         SH:  0    Dex: 15    Spells: 4/5 levels left

rFire   . . .        p - staff of death
rCold   . . .        d - orb {light}
rNeg    + . .        b - +0 robe
rPois   .            m - +0 helmet
rElec   .            (no cloak)
rCorr   .            (no gloves)
SInv    .            (no boots)
Will    .....        (no amulet)
Stlth   +            (no ring)
HPRegen 0.27/turn    (no ring)
MPRegen 0.09/turn

%: no passive effects
@: confused, attractive, hasted, glowing, studying Evocations, very quick
A: rugged brown scales 1, ignite blood 1
a: no special abilities


You were on level 4 of the Dungeon.
You visited 1 branch of the dungeon, and saw 4 of its levels.

You collected 60 gold pieces.

Inventory:

Hand Weapons
 a - a +0 spear
Armour
 b - a +0 robe (worn)
 d - an orb of light (worn)
 m - a +0 helmet (worn)
Magical Staves
 g - a staff of conjuration
 p - a staff of death (weapon)
Scrolls
 e - 3 scrolls of teleportation {unknown}
 h - a scroll of noise {unknown}
 i - 4 scrolls of enchant armour {unknown}
 n - 2 scrolls of identify {unknown}
 q - a scroll of vulnerability {unknown}
Potions
 f - a potion of invisibility {unknown}
 j - a potion of might {unknown}
 k - a potion of cancellation {unknown}
 l - a potion of attraction


   Skills:
 - Level 3.2 Fighting
 - Level 2.6(2.9) Polearms
 + Level 1.6(2.4) Staves
 + Level 3.5 Dodging
 + Level 0.5 Spellcasting
 - Level 0.3 Conjurations
 * Level 1.5 Necromancy
 * Level 2.7 Evocations


You had 4 spell levels left.
You knew the following spells:

 Your Spells              Type           Power      Damage    Failure   Level
a - Kiss of Death         Conj/Necr      12%        2d6       22%         1

Your spell library contained the following spells:

 Spells                   Type           Power      Damage    Failure   Level
 Confusing Touch          Hex            0%         N/A       71%         3
 Dispel Undead            Necr           5%         3d7       87%         4


Dungeon Overview and Level Annotations

Branches:
Dungeon (4/15)
 Temple: D:4-7

Altars:


Innate Abilities, Weirdness & Mutations

You are partially covered in rugged brown scales. (AC +1, +3% HP)
Your demonic aura sometimes causes spilled blood to erupt in flames.


Message History

The orc wizard hits you with a +0 dagger.
The orc priest completely misses you.
You closely miss the orc wizard.
The orc wizard is severely wounded.
The orc hits you but does no damage. The orc closely misses you.
The orc priest hits you with a +0 hand axe.
The orc wizard hits you with a +0 dagger.
The orc barely misses you.
You barely miss the orc wizard.
The orc wizard is severely wounded.
The orc barely misses you. The orc closely misses you.
The orc wizard hits you with a +0 dagger.
The orc hits you with a +0 whip.
The orc priest hits you with a +0 hand axe.
* * * LOW HITPOINT WARNING * * *
You hit the orc wizard but do no damage.
The orc wizard is severely wounded.
You feel less invigorated. The orc barely misses you. The orc misses you.
The orc wizard misses you. The orc closely misses you.
The orc priest calls upon Beogh to heal the orc.
The orc's wounds heal themselves!
You hit the orc wizard.
You kill the orc wizard!
The orc priest hits you with a +0 hand axe.
* * * LOW HITPOINT WARNING * * *
The orc hits you with a +0 dagger.
* * * LOW HITPOINT WARNING * * *
The orc barely misses you. The orc closely misses you.
You have reached level 5!
It was a potion of attraction.
You feel attractive to monsters.
The orc priest hits you with a +0 hand axe.
* * * LOW HITPOINT WARNING * * *
The orc hits you but does no damage. The orc hits you with a +0 whip.
* * * LOW HITPOINT WARNING * * *
The orc hits you but does no damage.
It was a potion of haste.
You feel yourself speed up. The orc priest barely misses you.
The orc barely misses you. The orc closely misses you.
The orc hits you with a +0 mace.
You die...

#... ..... ... . ####
..... ...# ...#...
.....######... ...+...
............. .......
...........# ##....)
..........# .8#...)
......ooo.# .# .. #....
......o@).# ..#.. #....
##+##.....+
#.#(#.##....
#.....##.#)#.#.+....
#.....#...#....#.'##
#.....#....#...#....
+##.....#8..#...8#....
.........####+###.....
...####...............
....+.....<)......##...


You could see an orc priest and 3 orcs.

Vanquished Creatures
  2 orc wizards
  An adder (D:2)
  2 ufetubi
  A worm (D:2)
  2 dart slugs (D:2)
  8 orcs
  2 ball pythons (D:3)
  4 bats
  4 endoplasms
  3 giant cockroaches
  8 goblins
  2 hobgoblins
  4 kobolds
  3 quokkas
  8 frilled lizards
  6 rats
60 creatures vanquished.

Notes
Turn   | Place    | Note
-------+----------+-------------------------------------------
     0 | D:1      | innerfire43 the Demonspawn Monk began the quest for the
                  | Orb.
     0 | D:1      | Reached XP level 1. HP: 18/18 MP: 1/1
   107 | D:1      | Gained mutation: Your demonic aura sometimes causes spilled
                  | blood to erupt in flames. [demonic ancestry]
   107 | D:1      | Reached XP level 2. HP: 11/24 MP: 2/2
   733 | D:2      | Gained mutation: You are partially covered in rugged brown
                  | scales. (AC +1, +3% HP) [demonic ancestry]
   733 | D:2      | Reached XP level 3. HP: 24/29 MP: 3/3
   832 | D:2      | Reached skill level 1 in Staves
   832 | D:2      | Reached skill level 1 in Evocations
  1515 | D:2      | Identified a scroll of acquirement
  1515 | D:2      | Acquired a manual of Evocations
  1684 | D:3      | Learned a level 1 spell: Kiss of Death
  1738 | D:3      | Reached XP level 4. HP: 31/36 MP: 4/4
  1762 | D:3      | HP: 1/36 [orc/+0 war axe (6)]
  1907 | D:3      | Reached skill level 1 in Necromancy
  2403 | D:4      | Reached XP level 5. HP: 6/42 MP: 5/5
  2403 | D:4      | HP: 1/42 [orc/+0 whip (3)]
  2404 | D:4      | Slain by an orc

Illustrated notes

Levels and vault maps discovered:
D:1:      dpeg_arrival_rooms_b, layout_basic, hangedman_decor_push
D:2:      layout_loops_ring
D:3:      layout_rooms
D:4:      layout_gridville, minmay_tree_intersection, minivault_1

Skill      XL: |  1  2  3  4 |
---------------+-------------+-----
Dodging        | 3 |  3.5
Staves         | 1 |  1.6
Evocations     | 1 2 |  2.7
Necromancy     | 1 |  1.5
Fighting       | |  3.2
Polearms       | |  2.6
Spellcasting   | |  0.5
Conjurations   | |  0.3

Action                     |  1- 3 |  4- 6 || total
---------------------------+-------+-------++-------
  Melee: Spear             |    55 |       ||    55
         Staff             |   102 |    78 ||   180
    Use: Scroll            |     1 |       ||     1
         Potion            |       |     4 ||     4
   Stab: Sleeping          |     1 |       ||     1
 Armour: Robe              |    42 |    29 ||    71
  Dodge: Dodged            |   113 |    87 ||   200

Table legend: (Time is in decaauts)
 A = Elapsed time spent in this place.
 B = Non-inter-level travel time spent in this place.
 C = Inter-level travel time spent in this place.
 D = Time resting spent in this place.
 E = Time spent auto-exploring this place.
 F = Levels seen in this place.
 G = Mean time per level.
                   A        B        C        D        E       F      G
               +--------+--------+--------+--------+--------+-----+--------+
         Total |   2415 |   2243 |    172 |      0 |   1769 |   4 |  603.8 |
       Dungeon |   2415 |   2243 |    172 |      0 |   1769 |   4 |  603.8 |
               +--------+--------+--------+--------+--------+-----+--------+

Top non-repeatable levels by time:
     D:2: 1016 daAuts
     D:3: 786 daAuts
     D:1: 506 daAuts
     D:4: 105 daAuts
